 Dungeon Sprint DCSS version 0.14-a0-3491-gb7ac591 (webtiles) character file.

3770 BluebellGnoll the Unseen (level 9, 1/39 HPs)
             Began as a Spriggan Enchanter on Mar 25, 2014.
             Was a Believer of Vehumet.
             Quit the game in the Dungeon (Sprint IV: "Fedhas' Mad Dash").
             The game lasted 00:16:36 (1370 turns).

BluebellGnoll the Unseen (Spriggan Enchanter)       Turns: 1370, Time: 00:16:37

HP   1/39        AC  3     Str  4      XL: 9   Next: 84%
MP   0/33        EV 28     Int 19      God: Vehumet [**....]
Gold 198         SH  0     Dex 17      Spells:  8 memorised,  9 levels left

rFire  . . .     SeeInvis +     a - +1 dagger
rCold  . . .     Clarity  .     b - +1 robe
rNeg   . . .     Conserve .     (shield restricted)
rPois  .         rCorr    .     (helmet restricted)
rElec  .         rRot     .     (no cloak)
SustAb . .       Spirit   .     (gloves unavailable)
rMut   .         Warding  .     (boots unavailable)
Saprov . . .     NoTele   +     (no amulet)
MR     +....                    (no ring)
                                m - ring of invisibility

@: very slightly contaminated, very quick, somewhat resistant to hostile
enchantments, extraordinarily stealthy
A: unfitting armour, see invisible, herbivore 3, speed 3, slow metabolism 2
a: Renounce Religion, Evoke Invisibility


You were in the Dungeon.
You worshipped Vehumet.
Vehumet was pleased with you.
You were very hungry.

You visited 1 branch You collected 198 gold pieces.

Inventory:

Hand weapons
 a - a +1,+1 dagger (weapon)
Missiles
 d - 11 darts (quivered)
Armour
 b - a +1 robe (worn)
Comestibles
 n - 3 honeycombs
Scrolls
 l - 2 scrolls of random uselessness {unknown}
 p - a scroll of enchant armour {unknown}
 r - a scroll of fear {unknown}
Jewellery
 m - a ring of invisibility (left hand)
Potions
 e - a potion of porridge
 f - a potion of restore abilities {unknown}
 h - a potion of haste
 i - 2 potions of magic
 j - a potion of berserk rage
 q - 2 potions of curing
Books
 c - a book of Maledictions

   Spells                             Type                      Level
   *Corona                            Hexes                        1
   *Sure Blade                        Hexes/Charms                 2
   *Ensorcelled Hibernation           Hexes/Ice                    2
   *Confuse                           Hexes                        3
   *Enslavement                       Hexes                        4
   *Invisibility                      Hexes                        6
 o - a book of Annihilations {highlevel, unknown}

   This book is beyond your current level of understanding.

   Spells                             Type                      Level
   Poison Arrow                       Conjuration/Poison           6
   Chain Lightning                    Conjuration/Air              8
   Lehudib's Crystal Spear            Conjuration/Earth            8
   Glaciate                           Conjuration/Ice              9
   Fire Storm                         Conjuration/Fire             9
 s - a book of Dreams

   Spells                             Type                      Level
   *Ensorcelled Hibernation           Hexes/Ice                    2
   Flight                             Charms/Air                   3
   Phase Shift                        Translocation                5
   Shadow Creatures                   Summoning                    5
   *Mass Confusion                    Hexes                        6
   Darkness                           Hexes                        7


   Skills:
 - Level 9.7 Short Blades
 - Level 1.1 Throwing
 - Level 12.4 Dodging
 + Level 17.0 Stealth
 + Level 14.0 Spellcasting
 - Level 12.3 Hexes


You had 9 spell levels left.
You knew the following spells:

 Your Spells              Type           Power        Failure   Level  Hunger
a - Corona                Hex            ######.      1%          1    None
b - Ensorcelled Hibernat  Hex/Ice        #####.       1%          2    None
c - Confuse               Hex            ######..     1%          3    None
d - Sure Blade            Hex/Chrm       #####.....   1%          2    None
e - Enslavement           Hex            ######..     1%          4    None
f - Invisibility          Hex            ######..     6%          6    #####..
g - Mass Confusion        Hex            ######....   6%          6    #####..
h - Dazzling Spray        Conj/Hex       #####...     1%          3    None


Dungeon Overview and Level Annotations

Branches:
Dungeon (1/1)

Altars:
Cheibriados
Dithmenos
Elyvilon
Kikubaaqudgha
Makhleb
Nemelex Xobeh
Okawaru
Sif Muna
Trog
Vehumet
Xom
Yredelemnul
Zin
The Shining One
Beogh
Jiyva
Lugonu

Shops:
D ==((*}

Annotations:
D Agnes


Innate Abilities, Weirdness & Mutations

You are tiny and cannot use many weapons and most armour.
You have supernaturally acute eyesight.
You are a herbivore.
You cover ground extremely quickly.
You need consume almost no food.


Message History

* * * LOW HITPOINT WARNING * * *
You feel your power leaking away.
The spriggan berserker completely misses you.
Casting: Confuse
Confirm with . or Enter, or press ? or * to list all spells.
You don't have enough magic to cast that spell.
Throwing (i - inventory):
d - 11 darts (quivered)
Press: ? - help, Shift-Dir - straight line, f/p - spriggan berserker
Aim: a spriggan berserker, wielding an anti-magic war axe and wearing an animal skin (berserk)
Okay, then.
Unknown command.
Unknown command.
Unknown command.
Unknown command.
Are you sure you want to abandon this character and quit the game? (Confirm with "yes".)
Okay, then.
Quiver which item? (- for none, * to show all) (? for menu, Esc to quit)
Okay, then.
Unknown command.
Are you sure you want to abandon this character and quit the game? (Confirm with "yes".)

#...'._._._._._._.'[.#..%#....'.}
#...#.._._._._._..#.)###'##.[.##∩
##'##._._._._._._.#..##∩∩.'...###
'...#.⌠.........⌠.#############
#...##################
#####♣♣♣♣♣..♣.###.'..+
#..'......♣..♣##..#..#
...#♣..♣♣♣.♣).###i##i##
...#.♣♣..♣...♣'.@.#♣.♣###
###################.....#
###..♣..♣....# #.i§♣......♣..
..........♣.....∩.∩
..###############


You could see a spriggan berserker (berserk).

Vanquished Creatures
  A spriggan druid (D)
  3 oklob plants (D)
  A queen bee (D)
  3 burning bushes (D)
  3 wandering mushrooms (D)
  4 killer bees (D)
  A scorpion (D)
  5 oklob saplings (D)
  A worker ant (D)
  2 spriggans (D)
  A green rat (D)
  A giant spore (D)
  A rat (D)
27 creatures vanquished.

Vanquished Creatures (collateral kills)
  A scorpion (D)
1 creature vanquished.

Grand Total: 28 creatures vanquished

Notes
Turn   | Place    | Note
--------------------------------------------------------------
     0 | D        | BluebellGnoll, the Spriggan Enchanter, began the quest for the Orb.
     0 | D        | Reached XP level 1. HP: 9/9 MP: 4/4
     8 | D        | Reached skill level 6 in Stealth
    10 | D        | Reached XP level 2. HP: 13/13 MP: 7/7
    17 | D        | Learned a level 2 spell: Ensorcelled Hibernation
    20 | D        | Noticed an oklob sapling
    22 | D        | Killed an oklob sapling
    22 | D        | Reached skill level 10 in Stealth
    22 | D        | Reached XP level 3. HP: 16/16 MP: 9/9
    27 | D        | Learned a level 3 spell: Confuse
    28 | D        | Noticed a worker ant
    54 | D        | Killed a worker ant
    54 | D        | Reached skill level 5 in Hexes
   158 | D        | Learned a level 2 spell: Sure Blade
   173 | D        | Noticed an oklob sapling
   176 | D        | Killed an oklob sapling
   176 | D        | Reached XP level 4. HP: 21/21 MP: 13/16
   186 | D        | Found a snail-covered altar of Cheibriados.
   186 | D        | Found a glowing silver altar of Zin.
   186 | D        | Found a white marble altar of Elyvilon.
   186 | D        | Found a viscous altar of Jiyva.
   186 | D        | Found a radiant altar of Vehumet.
   186 | D        | Found a deep blue altar of Sif Muna.
   186 | D        | Found an ancient bone altar of Kikubaaqudgha.
   186 | D        | Found a bloodstained altar of Trog.
   186 | D        | Found a corrupted altar of Lugonu.
   186 | D        | Noticed an oklob sapling priest
   187 | D        | Found a glowing golden altar of the Shining One.
   188 | D        | Found a burning altar of Makhleb.
   188 | D        | Found a sparkling altar of Nemelex Xobeh.
   189 | D        | Found an iron altar of Okawaru.
   190 | D        | Found a shadowy altar of Dithmenos.
   190 | D        | Found a shimmering altar of Xom.
   191 | D        | Found a basalt altar of Yredelemnul.
   192 | D        | Found a roughly hewn altar of Beogh.
   193 | D        | Killed an oklob sapling priest
   193 | D        | Reached XP level 5. HP: 24/24 MP: 14/21
   205 | D        | Learned a level 4 spell: Enslavement
   209 | D        | Became a worshipper of Vehumet
   240 | D        | Noticed a killer bee
   240 | D        | Noticed a queen bee
   248 | D        | Noticed a killer bee
   248 | D        | Noticed a killer bee
   249 | D        | Noticed a killer bee
   255 | D        | Killed a killer bee
   255 | D        | Reached skill level 11 in Stealth
   257 | D        | Killed a killer bee
   257 | D        | Reached skill level 5 in Dodging
   257 | D        | Reached skill level 12 in Stealth
   259 | D        | Killed a killer bee
   259 | D        | Acquired Vehumet's first power
   259 | D        | Offered knowledge of Flame Tongue by Vehumet.
   259 | D        | Reached skill level 13 in Stealth
   259 | D        | Reached XP level 6. HP: 28/28 MP: 18/22
   260 | D        | Killed a killer bee
   260 | D        | Reached skill level 14 in Stealth
   261 | D        | Killed a queen bee
   261 | D        | Reached skill level 17 in Stealth
   261 | D        | Reached XP level 7. HP: 32/32 MP: 20/24
   394 | D        | Learned a level 6 spell: Invisibility
   394 | D        | Noticed an oklob plant
   401 | D        | Noticed a burning bush
   405 | D        | Killed a burning bush
   602 | D        | Noticed a wandering mushroom
   602 | D        | Noticed a burning bush
   602 | D        | Noticed an oklob plant
   603 | D        | Noticed an oklob sapling
   604 | D        | Killed a burning bush
   604 | D        | Reached skill level 10 in Hexes
   626 | D        | Killed an oklob sapling
   636 | D        | Killed a wandering mushroom
   636 | D        | Reached skill level 10 in Spellcasting
   636 | D        | Reached XP level 8. HP: 32/36 MP: 11/29
   658 | D        | Killed an oklob plant
   983 | D        | Noticed an oklob sapling wizard
   986 | D        | Killed an oklob sapling wizard
   996 | D        | Noticed a scorpion
  1009 | D        | Killed a scorpion
  1038 | D        | Offered knowledge of Magic Dart by Vehumet.
  1057 | D        | Found Ediwk's Jewellery Shop.
  1057 | D        | Found Jaapsess' Jewellery Emporium.
  1066 | D        | Noticed a burning bush
  1066 | D        | Noticed a wandering mushroom
  1067 | D        | Noticed a scorpion
  1067 | D        | Noticed a wandering mushroom
  1069 | D        | Killed a wandering mushroom
  1071 | D        | Killed a burning bush
  1071 | D        | Reached XP level 9. HP: 39/39 MP: 31/31
  1073 | D        | Killed a wandering mushroom
  1075 | D        | Killed a scorpion
  1079 | D        | Found Shusugug's General Store.
  1080 | D        | Found Ytzunwu's Gadget Emporium.
  1141 | D        | Killed an oklob plant
  1277 | D        | Noticed a spriggan druid
  1285 | D        | Killed a spriggan druid
  1285 | D        | Offered knowledge of Dazzling Spray by Vehumet.
  1316 | D        | Noticed an oklob plant conjurer
  1317 | D        | Killed an oklob plant conjurer
  1330 | D        | Learned a level 6 spell: Mass Confusion
  1334 | D        | Learned a level 3 spell: Dazzling Spray
  1346 | D        | Found Smeg's Antique Weapon Emporium.
  1346 | D        | Noticed Agnes
  1356 | D        | Found Hiytim's Weapon Shoppe.
  1356 | D        | Noticed a spriggan berserker
  1369 | D        | HP: 1/39 [spriggan berserker/anti-magic war axe (31)]
  1370 | D        | Quit the game

Action                   |  1- 3 |  4- 6 |  7- 9 || total
-------------------------+-------+-------+-------++-------
Melee: Dagger            |    15 |     6 |    55 ||    76
Throw: Dart              |       |       |     1 ||     1
 Cast: Ensorcelled Hiber |     2 |       |     1 ||     3
       Sure Blade        |       |     1 |     7 ||     8
       Confuse           |       |       |    12 ||    12
       Enslavement       |       |       |     4 ||     4
       Invisibility      |       |       |     2 ||     2
 Abil: Evoke Invisibilit |       |     1 |     1 ||     2
  Use: Potion            |     1 |       |     1 ||     2
       Scroll            |       |       |     1 ||     1
 Stab: Sleeping          |     4 |     6 |     9 ||    19
       Invisible         |       |       |     7 ||     7
       Confused          |       |       |     4 ||     4
